 Dungeon Crawl Stone Soup version 0.24.0-2-g5b39cebb1c (webtiles) character file.

Game seed: 234596535402634363, levelgen mode: deterministic

1752 Mrkan the Grappler (level 8, -13/83 HPs)
             Began as a Troll Monk on Oct 31, 2019.
             Was a Believer of Ru.
             Mangled by an orc warrior
             ... wielding a +0 glaive
              (18 damage)
             ... on level 8 of the Dungeon.
             The game lasted 00:09:57 (5024 turns).

Mrkan the Grappler (Troll Monk)                     Turns: 5024, Time: 00:09:58

Health: -13/83     AC:  6    Str: 20    XL:     8   Next: 78%
Magic:  7/7        EV:  9    Int:  8    God:    Ru [**....]
Gold:   531        SH:  0    Dex: 12    Spells: 7/7 levels left

rFire    . . .     SeeInvis .     - Unarmed
rCold    . . .     Gourm    +   (no shield)
rNeg     . . .     Faith    .   a - +0 robe
rPois    .         Spirit   .   (helmet restricted)
rElec    .         Reflect  .   t - scarf {repulsion}
rCorr    .         Harm     .   (gloves unavailable)
MR       .....                  (boots unavailable)
Stlth    ++........             (no amulet)
HPRegen  0.63/turn              (no ring)
MPRegen  0.10/turn              (no ring)

@: repel missiles
A: large, unfitting armour, claws 3, fast metabolism 3, gourmand, regeneration
1, shaggy fur 1, tough skin 3, inability to train dodging, no ice magic, no
necromancy magic, no summoning magic
a: Sacrifice Resistance, Sacrifice Artifice, Sacrifice Essence, Reject
Sacrifices, Renounce Religion


You were on level 8 of the Dungeon.
You worshipped Ru.
Ru was pleased with you.
You were not hungry.

You visited 1 branch of the dungeon, and saw 8 of its levels.
You also visited: Ossuary.

You collected 531 gold pieces.

Inventory:

Missiles
 K - 2 throwing nets (quivered)
Armour
 a - a +0 robe (worn)
 m - a +0 cloak
 t - a scarf of repulsion (worn)
Jewellery
 k - an uncursed ring of fire {unknown}
 s - an uncursed ring of see invisible {unknown}
 F - an uncursed ring of ice {unknown}
Wands
 G - a wand of scattershot (6)
 I - a wand of paralysis (4)
 J - a wand of iceblast (8)
Scrolls
 d - 4 scrolls of remove curse {unknown}
 e - 7 scrolls of teleportation {unknown}
 f - 6 scrolls of identify {unknown}
 g - a scroll of magic mapping {unknown}
 h - a scroll of blinking {unknown}
 p - 2 scrolls of fog {unknown}
 q - 2 scrolls of amnesia {unknown}
 r - a scroll of random uselessness {unknown}
 u - 2 scrolls of enchant weapon {unknown}
 v - 2 scrolls of fear {unknown}
 y - a scroll of enchant armour {unknown}
 E - a scroll of torment {unknown}
Potions
 c - 2 potions of heal wounds {unknown}
 i - 5 potions of haste {unknown}
 j - 2 potions of degeneration {unknown}
 l - 3 potions of lignification {unknown}
 n - 3 potions of cancellation {unknown}
 o - 3 potions of curing {unknown}
 w - a potion of magic {unknown}
 x - a potion of agility {unknown}
 z - 3 potions of might {unknown}
 A - a potion of resistance {unknown}
 B - 3 potions of mutation {unknown}
 C - a potion of brilliance {unknown}
 D - a potion of flight {unknown}
 H - a potion of ambrosia {unknown}
Comestibles
 b - 15 rations


   Skills:
 + Level 5.9 Fighting
 - Level 1.0 Stealth
 * Level 9.8 Unarmed Combat


You had 7 spell levels left.
You didn't know any spells.
Your spell library was empty.

Dungeon Overview and Level Annotations

Branches:
Dungeon (8/15)             Temple (0/1) D:6         Ossuary (visited)
   Lair: D:8-11

Altars:
Cheibriados
Elyvilon
Ru
Sif Muna
Trog
Wu Jian
Zin
The Shining One

Shops:
D:4 %

Annotations:
D:7 2 transporters, Kagalorn's ghost, novice GnWz


Innate Abilities, Weirdness & Mutations

You are too large for most types of armour.
You have claws for hands.
Your metabolism is lightning-fast.
You like to eat raw meat.
Your natural rate of healing is unusually fast.
You are covered in fur. (AC +1)
You have extremely tough skin. (AC +3)
You cannot train Dodging skill.
You cannot study or cast Ice magic.
You cannot study or cast Necromancy magic.
You cannot study or cast Summoning magic.


Message History

The iguana bites you!
* * * LOW HITPOINT WARNING * * *
You closely miss the iguana.
The iguana is almost dead.
A scorpion comes into view.
The orc warrior hits you from afar with a +0 glaive!
* * * LOW HITPOINT WARNING * * *
You completely miss the iguana.
The iguana is almost dead.
The iguana hisses menacingly.
The iguana closely misses you.
You claw the iguana!
You kill the iguana!
The orc warrior hits you but does no damage.
The scorpion barely misses you.
The orc wizard mumbles some strange words.
The orc wizard flickers and vanishes!
Deactivating autopickup; reactivate with Ctrl-A.
The orc warrior hits you with a +0 glaive!!
You die...

.. .. #. .
...# ##..
##. #..#
... ...
#..#
#..>#o#
#..###
#.#.#o#
#....
#...o.#
#..#
#.#.####..#
#..oo{o@[.#
#.#.#####s#
#.#.# .# #
#.. .# #.#
## #.# #.#
#.#


You could see an orc warrior, a scorpion and 2 orcs.

Vanquished Creatures
  A hungry ghost (D:7)
  2 ogres
  4 bullfrogs (D:6)
  4 scorpions
  2 crimson imps
  A jelly (D:5)
  2 orc priests
  Crazy Yiuf (D:2)
  6 orc wizards
  A bullfrog zombie (D:5)
  3 hounds
  A bullfrog skeleton (D:5)
  2 iguanas
  6 worker ants
  9 mummies
  7 adders
  An adder skeleton (D:6)
  2 dart slugs
  2 worms
  5 leopard geckos
  20 orcs
  10 giant cockroaches
  9 goblins
  5 hobgoblins
  11 jackals
  A quokka (D:2)
  3 ball pythons
  5 bats
  2 frilled lizards
  2 hobgoblin zombies (Ossuary)
  A jackal skeleton (D:5)
  8 kobolds
  2 kobold zombies (Ossuary)
  A leopard gecko skeleton (D:5)
  4 orc zombies (Ossuary)
  A quokka zombie (D:6)
  5 rats (D:1)
152 creatures vanquished.

Vanquished Creatures (others)
  A crocodile (D:7)
  An orc (D:7)
2 creatures vanquished.

Grand Total: 154 creatures vanquished

Notes
Turn   | Place    | Note
-------+----------+-------------------------------------------
     0 | D:1      | Mrkan the Troll Monk began the quest for the Orb.
     0 | D:1      | Reached XP level 1. HP: 22/22 MP: 0/0
   118 | D:1      | Reached XP level 2. HP: 29/29 MP: 1/1
   290 | D:1      | Reached XP level 3. HP: 36/36 MP: 2/2
   741 | D:2      | Reached skill level 4 in Unarmed Combat
   776 | D:2      | Found a bloodstained altar of Trog.
   776 | D:2      | Found a sacrificial altar of Ru.
   839 | D:2      | Became a worshipper of Ru the Awakened
   846 | D:2      | Gained mutation: You cannot train Dodging skill. [Ru
                  | sacrifice]
   846 | D:2      | Reached * piety under Ru
   866 | D:2      | Found a glowing golden altar of the Shining One.
   866 | D:2      | Found a glowing silver altar of Zin.
   867 | D:2      | Found a white marble altar of Elyvilon.
   946 | D:2      | Found a runed translucent door.
   947 | D:2      | Noticed Crazy Yiuf
  1147 | D:2      | Killed Crazy Yiuf
  1147 | D:2      | Reached XP level 4. HP: 25/45 MP: 3/3
  1884 | D:4      | Reached skill level 5 in Unarmed Combat
  1884 | D:4      | Reached XP level 5. HP: 50/53 MP: 4/4
  2034 | D:4      | Reached XP level 6. HP: 37/62 MP: 5/5
  2283 | D:4      | Found an ornate altar of the Wu Jian Council.
  2289 | D:4      | Found a snail-covered altar of Cheibriados.
  2351 | D:4      | Reached skill level 6 in Unarmed Combat
  2739 | D:4      | Gained mutation: You cannot study or cast Ice magic. [Ru
                  | sacrifice]
  2739 | D:4      | Gained mutation: You cannot study or cast Necromancy magic.
                  | [Ru sacrifice]
  2739 | D:4      | Gained mutation: You cannot study or cast Summoning magic.
                  | [Ru sacrifice]
  2739 | D:4      | Reached ** piety under Ru
  2742 | D:4      | Found Hing's Food Boutique.
  2894 | D:5      | Entered Level 5 of the Dungeon
  3006 | D:5      | You fall into a shaft and drop 1 floor!
  3235 | D:6      | Reached XP level 7. HP: 70/70 MP: 6/6
  3279 | D:6      | Reached skill level 7 in Unarmed Combat
  3470 | D:5      | Found a sand-covered staircase.
  3476 | Ossuary  | Entered an ossuary
  4133 | D:6      | Reached skill level 8 in Unarmed Combat
  4200 | D:6      | Reached skill level 5 in Fighting
  4200 | D:6      | Reached XP level 8. HP: 71/80 MP: 7/7
  4206 | D:6      | Found a staircase to the Ecumenical Temple.
  4547 | D:7      | Found a transporter.
  4566 | D:7      | Found a transporter.
  4574 | D:7      | Noticed a moth of wrath
  4581 | D:7      | Reached skill level 9 in Unarmed Combat
  4815 | D:7      | Found a shimmering blue altar of Sif Muna.
  4869 | D:7      | Noticed Kagalorn's ghost (novice GnWz)
  4870 | D:7      | Found a bloodstained altar of Trog.
  5021 | D:8      | HP: 3/83 [orc warrior/+0 glaive (14)]
  5024 | D:8      | Mangled by an orc warrior

Levels and vault maps discovered:
D:1:      dpeg_arrival_brainrot, layout_basic
D:2:      layout_rooms, good_gods_mini_temple,
          chequers_temple_overflow_statue_of_worship, first_ration,
          uniq_crazy_yiuf_cottage
D:3:      layout_basic
D:4:      layout_basic, amethyst_overflow_temple_binary, serial_shops,
          kennysheep_mini_moat
D:5:      layout_rooms, gup_ossuary_entry_pyramid, st_stairs_14,
          hangedman_decor_slide_cut
D:6:      layout_basic, minmay_temple_entry_waves
D:7:      layout_cave_pools, lemuel_crystal_altar,
          gammafunk_ghost_wrathful_warriors, grunt_ogre_cave
D:8:      lemuel_bear_cage, layout_basic, overflow_temple_1_default,
          nicolae_ru_great_annihilating_truth

Skill      XL: |  1  2  3  4  5  6  7  8 |
---------------+-------------------------+-----
Unarmed Combat | 4 5 6 8 9 |  9.8
Dodging        | 0 |  0.0
Fighting       | 3 4 5 |  5.9
Stealth        | |  1.0

Action                   |  1- 3 |  4- 6 |  7- 9 || total
-------------------------+-------+-------+-------++-------
Melee: Unarmed           |    84 |   169 |   207 ||   460
       Punch             |     1 |     2 |    10 ||    13
Invok: Sacrifice Nimblen |     1 |       |       ||     1
       Sacrifice Arcana  |       |     1 |       ||     1
 Stab: Sleeping          |     3 |     2 |       ||     5
       Distracted        |       |       |     1 ||     1
  Eat: Chunk             |    16 |    15 |    18 ||    49
Armor: Robe              |    31 |   107 |    66 ||   204
Dodge: Dodged            |    41 |    75 |    98 ||   214
       Deflected         |       |       |     2 ||     2
